AoeStats
← Zipreoy

Runestones

508355056Analyzed
1v1 RM · 10d ago on Sep 22, 2026· 30m 4s· 2 players
Game mode
Random Map
Map size
Tiny (2 player)
Population
200
Speed
Normal
Resources
Standard
Victory
Conquest
Starting age
Dark Age
Ending age
Imperial Age
RankedLock teamsTeams togetherTeam positionsShared explorationLock speedFull tech treeHidden civsTurbo modeCheats
Victory
Defeat
🇺🇸 Spanish · United States
753
+28
🇨🇳 Spanish · China
701
-30
Zipreoy
11:28 Feudal Age
17:16 Castle Age
16:12 Stone Mining
19:04 Double-Bit Axe
19:02 Horse Collar
25:03 Gold Mining
Stuffy
3:36 Loom
10:59 Feudal Age
11:25 Horse Collar
13:14 Double-Bit Axe
17:08 Wheelbarrow
20:51 Castle Age
21:26 Pikeman
22:07 Squires
22:50 Hand Cart
24:29 Arson
27:52 Bow Saw
31:40 Imperial Age
Connection lost

Rejoining the realm…

Still unreachable

The connection could not be restored.

Session expired

The server has moved on; the page needs a fresh start.